 Dungeon Crawl Stone Soup version 0.31.0-11-ge490571c62 (webtiles) character file.

Game seed: 10582027019033526662

594 qw the Shooter (level 7, -2/35 HPs)
             Began as a Spriggan Hunter on Feb 5, 2024.
             Slain by Dowan
             ... wielding a +0 dagger
              (5 damage)
             ... on level 5 of the Dungeon.
             The game lasted 00:01:26 (3560 turns).

qw the Shooter (Spriggan Hunter)                    Turns: 3560, Time: 00:01:26

Health: -2/35      AC:  2    Str:  7    XL:     7   Next: 16%
Magic:  8/8        EV: 22    Int: 11    God:
Gold:   286        SH:  0    Dex: 20    Spells: 6/6 levels left

rFire   . . .        a - +1 shortbow
rCold   . . .        (shield currently unavailable)
rNeg    . . .        c - +0 robe
rPois   .            (helmet restricted)
rElec   .            (no cloak)
rCorr   .            (gloves unavailable)
SInv    +            (boots unavailable)
Will    +....        (no amulet)
Stlth   ++           (no ring)
HPRegen 0.25/turn    (no ring)
MPRegen 0.11/turn

%: no passive effects
@: about to teleport, very quick
A: very small, no large weapons, unfitting armour, see invisible, speed 3
a: no special abilities


You were on level 5 of the Dungeon.
You visited 1 branch of the dungeon, and saw 5 of its levels.

You collected 286 gold pieces.


Innate Abilities, Weirdness & Mutations

You are very small and have problems with some larger weapons.
You are too small for most types of armour.
You have supernaturally acute eyesight. (SInv)
You cover ground extremely quickly. (Speed+++)


   Skills:
 - Level 2.0 Fighting
 - Level 7.1 Ranged Weapons
 + Level 6.7 Dodging
 - Level 1.5 Stealth


You had 6 spell levels left.
You didn't know any spells.
Your spell library was empty.

Inventory:

Hand Weapons
 a - a +1 shortbow (weapon)
Armour
 c - a +0 robe (worn)
Wands
 b - a wand of flame (9)
 d - a wand of digging (3)
Scrolls
 f - a scroll of teleportation
Potions
 e - a potion of resistance
 g - 4 potions of curing
 j - a potion of heal wounds {unknown}
 k - a potion of mutation {unknown}
 l - a potion of attraction {unknown}
 m - 3 potions of haste

Dungeon Overview and Level Annotations

Branches:
Dungeon (5/15)
 Temple: D:4-7

Altars:

Shops:
D:1 !

Annotations:
D:5 Dowan, Duvessa


Message History

Duvessa closely misses you.
You climb upwards.
There is a stone staircase leading down here.
You start resting.
HP restored.
You climb downwards.
Level annotation: Dowan, Duvessa Duvessa closely misses you.
There is a stone staircase leading up, spattered with blood here.
You shoot an arrow. The arrow closely misses Dowan.
Dowan barely misses you. Duvessa barely misses you.
You shoot an arrow. The arrow closely misses Dowan.
Dowan hits you with a +0 dagger. Duvessa misses you.
You shoot an arrow. The arrow barely misses Dowan.
Dowan misses you. Duvessa hits you with a +0 rapier.
You shoot an arrow. The arrow completely misses Dowan.
Dowan completely misses you. Duvessa closely misses you.
You shoot an arrow. The arrow hits Dowan!
Dowan is moderately wounded.
Dowan completely misses you. Duvessa closely misses you.
You shoot an arrow. The arrow barely misses Dowan.
Dowan barely misses you. Duvessa completely misses you.
You shoot an arrow. The arrow closely misses Dowan.
Dowan hits you with a +0 dagger. Duvessa completely misses you.
You shoot an arrow. The arrow closely misses Dowan.
Dowan misses you. Duvessa barely misses you. Duvessa misses you.
Dowan hits you with a +0 dagger.
You shoot an arrow. The arrow completely misses Dowan.
Dowan misses you. Duvessa completely misses you.
You shoot an arrow. The arrow hits Dowan!
Dowan is severely wounded.
Duvessa completely misses you. Dowan hits you with a +0 dagger.
You shoot an arrow. The arrow hits Dowan.
Dowan is severely wounded.
Duvessa hits you with a +0 rapier! Dowan closely misses you.
3560 ||| READING 2 scrolls of teleportation.
As you read the scroll of teleportation, it crumbles to dust.
You feel strangely unstable. Duvessa hits you with a +0 rapier.
Dowan hits you with a +0 dagger.
You die...

#########
##...#...###
##...........
#...........#
#...........#
#...........#
#.........#
#.e@e...#
####.#### .#
.. ##. #. [#
.


You could see Duvessa and Dowan.

Vanquished Creatures
  An ogre (D:4)
  2 scorpions (D:4)
  A hound (D:4)
  An orc priest (D:3)
  Jessica (D:2)
  Natasha (thrice) (D:3)
  Terence (D:3)
  An iguana (D:4)
  An orc wizard (D:4)
  7 adders
  A dart slug (D:1)
  A ribbon worm (D:4)
  8 orcs
  3 bats
  14 endoplasms
  4 giant cockroaches
  8 goblins
  4 hobgoblins
  5 jackals
  5 quokkas
  8 ball pythons
  4 frilled lizards
  5 kobolds
  4 rats
93 creatures vanquished.

Notes
Turn   | Place    | Note
-------+----------+-------------------------------------------
     0 | D:1      | qw the Spriggan Hunter began the quest for the Orb.
     0 | D:1      | Reached XP level 1. HP: 10/10 MP: 2/2
     0 | D:1      | 0 ||| qw: Version: 0.3-a-160-g6735b56
     0 | D:1      | 0 ||| qw: Game counter: 6370
     0 | D:1      | 0 ||| qw: Melee chars always use a shield: true
     0 | D:1      | 0 ||| qw: God list: Okawaru
     0 | D:1      | 0 ||| qw: Allow faded altars: false
     0 | D:1      | 0 ||| qw: Do Orc after clearing Dungeon:15 true
     0 | D:1      | 0 ||| qw: Do second Lair branch before Depths: true
     0 | D:1      | 0 ||| qw: Lair rune preference: random
     0 | D:1      | 0 ||| qw: Goals: Normal
     0 | D:1      | 0 ||| PLANNING D:1-11
    31 | D:1      | Reached skill level 3 in Dodging
    54 | D:1      | Reached XP level 2. HP: 8/14 MP: 3/3
   121 | D:1      | Found Sowk's Distillery.
   136 | D:1      | 136 ||| SHOPLISTING potion of curing (42 gold, have 0).
   136 | D:1      | 136 ||| SHOPLISTING potion of haste (140 gold, have 0).
   136 | D:1      | 136 ||| SHOPLISTING potion of heal wounds (70 gold, have
                  | 0).
   136 | D:1      | 136 ||| SHOPLISTING potion of might (56 gold, have 0).
   428 | D:1      | Reached XP level 3. HP: 18/18 MP: 4/4
   489 | D:1      | 489 ||| READING scroll labelled LIMUBLIPPA.
   489 | D:1      | 489 ||| ENCHANTING +0 shortbow.
   490 | D:1      | 490 ||| READING scroll labelled DUXUFE DIOREUWN.
   491 | D:1      | 491 ||| READING scroll labelled COHECE XUOCE.
   491 | D:1      | 491 ||| IDENTIFYING fuming clear potion
   492 | D:1      | 492 ||| DRINKING 2 lumpy white potions.
   493 | D:1      | 493 ||| DROPPING scroll of butterflies.
   630 | D:2      | Noticed Jessica
   632 | D:2      | 632 ||| ZAPPING wand of flame (16) at 0,-1 (Jessica;
                  | open_door).
   633 | D:2      | 633 ||| ZAPPING wand of flame (15) at 0,-1 (Jessica;
                  | open_door).
   634 | D:2      | 634 ||| ZAPPING wand of flame (14) at 0,-1 (Jessica;
                  | open_door).
   634 | D:2      | Killed Jessica
   667 | D:2      | 667 ||| FLEEEEING.
   668 | D:2      | 668 ||| FLEEEEING.
   670 | D:2      | 670 ||| FLEEEEING.
   725 | D:2      | Reached skill level 5 in Ranged Weapons
   800 | D:2      | Reached XP level 4. HP: 22/22 MP: 5/5
  1356 | D:2      | 1356 ||| READING scroll labelled ASKOSU ZIOPROR.
  1357 | D:2      | 1357 ||| READING scroll labelled AHUCUE NATZE.
  1358 | D:2      | 1358 ||| READING scroll labelled VODIAGIGRU.
  1363 | D:2      | 1363 ||| READING scroll labelled LEUSUO VYIFY.
  1364 | D:2      | 1364 ||| READING scroll labelled SUSHRU OSISOFF.
  1508 | D:3      | Noticed Natasha
  1512 | D:3      | 1512 ||| FLEEEEING.
  1513 | D:3      | 1513 ||| FLEEEEING.
  1514 | D:3      | 1514 ||| FLEEEEING.
  1515 | D:3      | 1515 ||| FLEEEEING.
  1516 | D:3      | 1516 ||| FLEEEEING.
  1517 | D:3      | 1517 ||| ZAPPING wand of flame (13) at -4,0 (Natasha;
                  | floor).
  1518 | D:3      | 1518 ||| ZAPPING wand of flame (12) at -2,0 (Natasha;
                  | floor).
  1519 | D:3      | 1519 ||| ZAPPING wand of flame (11) at -2,0 (Natasha;
                  | floor).
  1520 | D:3      | 1520 ||| ZAPPING wand of flame (10) at -1,0 (Natasha;
                  | floor).
  1520 | D:3      | Killed Natasha
  1521 | D:3      | Reached XP level 5. HP: 16/26 MP: 6/6
  1557 | D:3      | Found a faded altar of an unknown god.
  1697 | D:3      | Noticed Natasha
  1703 | D:3      | Killed Natasha
  1913 | D:3      | Noticed Terence
  1927 | D:3      | Killed Terence
  1928 | D:3      | Reached skill level 6 in Ranged Weapons
  2058 | D:3      | Noticed Natasha
  2066 | D:3      | Killed Natasha
  2067 | D:3      | Reached XP level 6. HP: 23/30 MP: 7/7
  2342 | D:3      | 2342 ||| DROPPING ring of magical power.
  2343 | D:3      | 2343 ||| READING scroll of identify.
  2343 | D:3      | 2343 ||| IDENTIFYING puce potion
  2344 | D:3      | 2344 ||| READING scroll labelled JULUFE HEIXKOT.
  2345 | D:3      | 2345 ||| DRINKING 3 ruby potions.
  2346 | D:3      | 2346 ||| DROPPING potion of invisibility.
  2348 | D:3      | 2348 ||| Stepping ~*~*~tactically~*~*~ (cloud).
  2462 | D:4      | 2462 ||| STAIRDANCE
  2473 | D:4      | 2473 ||| FLEEEEING.
  2475 | D:4      | 2475 ||| STAIRDANCE
  2612 | D:4      | Reached skill level 6 in Dodging
  2822 | D:4      | 2822 ||| FLEEEEING.
  2833 | D:4      | 2833 ||| FLEEEEING.
  2836 | D:4      | 2836 ||| FLEEEEING.
  2837 | D:4      | 2837 ||| FLEEEEING.
  3056 | D:4      | Reached skill level 7 in Ranged Weapons
  3122 | D:4      | Reached XP level 7. HP: 35/35 MP: 8/8
  3411 | D:5      | Entered Level 5 of the Dungeon
  3411 | D:5      | Noticed Duvessa
  3411 | D:5      | Noticed Dowan
  3413 | D:5      | 3413 ||| DRINKING 4 potions of haste.
  3415 | D:5      | 3415 ||| STAIRDANCE
  3428 | D:5      | 3428 ||| STAIRDANCE
  3432 | D:5      | 3432 ||| STAIRDANCE
  3530 | D:5      | 3530 ||| STAIRDANCE
  3559 | D:5      | HP: 8/35 [Duvessa/+0 rapier (10)]
  3560 | D:5      | 3560 ||| READING 2 scrolls of teleportation.
  3560 | D:5      | HP: 3/35 [Duvessa/+0 rapier (5)]
  3560 | D:5      | Slain by Dowan

Levels and vault maps discovered:
D:1:      wheals_arrival_shading, layout_rooms, serial_shops, shop,
          minmay_statues_item, chequers_serial_rivers_micro_a
D:2:      kb_forest_paths, layout_basic, serial_curves, eino_curves_02,
          eino_curves_03, uniq_jessica
D:3:      kennysheep_six_static_rooms, layout_loops_ring,
          ebering_ecumenical_altar_box, grunt_decor_fettered,
          kennysheep_generic_room_3, uniq_natasha, uniq_terence
D:4:      layout_loops_ring
D:5:      layout_rooms, general_overflow_altar, uniq_grinder, uniq_duvessa

Skill      XL: |  1  2  3  4  5  6 |
---------------+-------------------+-----
Dodging        | 3 4 5 6 |  6.7
Ranged Weapons | 5 6 7 |  7.1
Fighting       | 2 |  2.0
Stealth        | |  1.5

Action                     |  1- 3 |  4- 6 |  7- 9 || total
---------------------------+-------+-------+-------++-------
   Fire: Shortbow          |    76 |   223 |    22 ||   321
  Evoke: Wand              |     3 |     4 |       ||     7
    Use: Scroll            |     3 |     7 |     1 ||    11
         Potion            |     1 |     1 |     1 ||     3
 Armour: Robe              |     6 |    23 |    11 ||    40
  Dodge: Dodged            |    35 |    94 |    31 ||   160

Table legend:
 A = Non-vault XP
 B = Vault XP
 C = Vault XP percentage of total XP
 D = Non-vault monster count
 E = Vault monster count
 F = Vault count percentage of total count
                 A         B        C        D         E       F
            +---------+---------+-------+---------+---------+-------
      Total |     707 |     142 |  16.7 |      77 |      16 |  17.2
            +---------+---------+-------+---------+---------+-------
        D:1 |      43 |       0 |   0.0 |      23 |       0 |   0.0
        D:2 |      41 |      57 |  58.2 |      11 |       7 |  38.9
        D:3 |     185 |      85 |  31.5 |      25 |       9 |  26.5
        D:4 |     438 |       0 |   0.0 |      18 |       0 |   0.0
            +---------+---------+-------+---------+---------+-------
